 Dungeon Crawl Stone Soup version 0.27-a0-1590-g15f69828bf (webtiles) character file.

Game seed: 9484158220038592072

31171 CowFu the Carver (level 13, -4/107 HPs)
             Began as a Pale Draconian Monk on July 19, 2021.
             Was a High Priest of the Shining One.
             Slain by an anaconda simulacrum (17 damage)
             ... in an ice cave.
             The game lasted 00:27:59 (18935 turns).

CowFu the Carver (Pale Draconian Monk)             Turns: 18935, Time: 00:28:00

Health: -4/107     AC: 15    Str: 12 (15) XL:     13   Next: 24%
Magic:  16/16      EV: 26    Int:  9      God:    the Shining One [*****.]
Gold:   922        SH:  0    Dex: 19      Spells: 12/12 levels left

rFire    . . .     SeeInvis .   a - +5 long sword
rCold    . . .     Faith    .   (no shield)
rNeg     + + .     Spirit   .   (armour unavailable)
rPois    .         Reflect  .   e - +2 hat
rElec    .         Harm     .   t - +1 cloak
rCorr    .         Rampage  .   j - +2 pair of gloves
Will     .....                  (no boots)
Stlth    +.........             (no amulet)
HPRegen  0.27/turn              g - +4 ring of evasion
MPRegen  0.15/turn              q - ring of flight

@: flying, glowing
A: breathe steam, AC +8, unfitting armour, cold-blooded, steam resistance, fangs
1, talons 1, agile 1, deterioration 1, dopey 1, low mp 1, screaming 1
a: Breathe Steam, Renounce Religion, Divine Shield, Cleansing Flame, Summon
Divine Warrior


You were in an ice cave.
You worshipped the Shining One.
The Shining One was extremely pleased with you.
You visited 2 branches of the dungeon, and saw 13 of its levels.
You also visited: Ice Cave.

You collected 922 gold pieces.

Inventory:

Hand Weapons
 a - a +5 long sword (weapon)
 b - a +2 dagger of protection
 h - a +0 falchion
 l - a +2 dagger of holy wrath
 s - a +0 dagger of venom
 v - a +1 long sword of freezing
Missiles
 o - a throwing net (quivered)
 y - 8 curare-tipped darts
Armour
 e - a +2 hat (worn)
 j - a +2 pair of gloves (worn)
 t - a +1 cloak (worn)
Jewellery
 g - a +4 ring of evasion (left hand)
 q - a ring of flight (right hand)
Wands
 d - a wand of flame (54)
 m - a wand of acid (2)
 z - a wand of iceblast (10)
Scrolls
 f - a scroll of holy word {unknown}
 i - a scroll of teleportation
 p - 2 scrolls of amnesia
 u - 2 scrolls of fear
 B - 3 scrolls of identify
Potions
 c - 2 potions of cancellation
 k - 3 potions of magic
 n - 5 potions of attraction
 w - a potion of curing
 x - 3 potions of lignification
 D - a potion of might
Miscellaneous
 G - a lightning rod (4/4)


   Skills:
 + Level 8.0 Fighting
 - Level 14.0 Long Blades
 - Level 14.0 Dodging
 - Level 1.7 Stealth
 + Level 7.1 Invocations


You had 12 spell levels left.
You didn't know any spells.
Your spell library contained the following spells:

 Spells                   Type           Power      Damage    Failure   Level
 Corona                   Hex            0%         N/A       38%         1
 Foxfire                  Conj/Fire      0%         2x1d4     38%         1
 Ensorcelled Hibernation  Hex/Ice        0%         N/A       52%         2
 Static Discharge         Conj/Air       0%         N/A       52%         2
 Conjure Flame            Conj/Fire      0%         6-21      77%         3
 Ignite Poison            Fire/Tmut/Pois 0%         N/A       77%         3
 Inner Flame              Hex/Fire       0%         N/A       77%         3
 Mephitic Cloud           Conj/Pois/Air  0%         N/A       77%         3
 Tukima's Dance           Hex            0%         N/A       77%         3
 Hailstorm                Conj/Ice       0%         3d3       99%         4
 Ice Form                 Ice/Tmut       0%         N/A       99%         4
 Bolt of Magma            Conj/Fire/Erth 0%         4d4       100%        5
 Lightning Bolt           Conj/Air       0%         1d11      100%        5
 Dispersal                Tloc           0%         N/A       100%        6
 Simulacrum               Ice/Necr       0%         N/A       100%        6
 Disjunction              Tloc           0%         N/A       100%        8
 Maxwell's Capacitive Co  Air            0%         ∞         100%        8


Dungeon Overview and Level Annotations

Branches:
Dungeon (11/15)            Temple (0/1) D:7            Lair (2/6) D:8
  Snake (0/4) Lair:2          Orc (0/2) D:10          IceCv (1/1)
  Swamp: Lair:2-4    Shoals: Lair:2-4

Altars:
Cheibriados
Gozag
Ru
Xom
Zin
The Shining One

Shops:
D:7 (

Annotations:
IceCv exclusion: ice statue


Innate Abilities, Weirdness & Mutations

You can breathe blasts of scalding, opaque steam.
Your pale cyan-grey scales are hard. (AC +8)
You cannot fit into any form of body armour.
You are cold-blooded and may be slowed by cold attacks.
You are immune to the effects of steam.
You have very sharp teeth.
You have sharp toenails.
You are agile. (Dex +2)
Your body sometimes deteriorates upon taking damage.
You are dopey. (Int -2)
Your magical capacity is low. (-10% MP)
You occasionally shout uncontrollably at your foes.


Message History

The anaconda simulacrum bites you but does no damage.
The anaconda simulacrum completely misses you.
The anaconda simulacrum bites you. The anaconda simulacrum freezes you!!
You feel yourself slow down.
You hit the anaconda simulacrum.
The anaconda simulacrum is severely damaged.
The anaconda simulacrum constricts you but does no damage.
The anaconda simulacrum bites you! The anaconda simulacrum freezes you!!
You feel as though you will be slow longer.
* * * LOW HITPOINT WARNING * * *
You are too injured to fight recklessly!
You are too injured to fight recklessly!
You hit the anaconda simulacrum.
Your bite misses the anaconda simulacrum.
The anaconda simulacrum is severely damaged.
The anaconda simulacrum constricts you but does no damage.
The anaconda simulacrum closely misses you.
The anaconda simulacrum constricts you but does no damage.
The anaconda simulacrum completely misses you.
You barely miss the anaconda simulacrum.
Your bite misses the anaconda simulacrum.
The anaconda simulacrum is severely damaged.
The anaconda simulacrum completely misses you.
The anaconda simulacrum barely misses you.
You hit the anaconda simulacrum but do no damage.
The anaconda simulacrum is severely damaged.
The anaconda simulacrum constricts you but does no damage.
The anaconda simulacrum completely misses you.
The anaconda simulacrum misses you.
The anaconda simulacrum bites you but does no damage.
You hit the anaconda simulacrum.
Your kick misses the anaconda simulacrum.
The anaconda simulacrum is almost destroyed.
You feel yourself speed up.
The anaconda simulacrum completely misses you.
The anaconda simulacrum barely misses you.
The anaconda simulacrum constricts you.
* * * LOW HITPOINT WARNING * * *
The anaconda simulacrum freezes you!
You die...

.#### #.#.#.#.#.#.## .#.⌠#
###'#'#.#'#'#.8###### .#4[+
#.'.........#.......#
.########.8.8.8.8.#.#####.#
...#..............#.#(.)#.##
...'..............'.#.⌠)†.⌠#
...#..............#.#.!.#.##
.########.8.8.8.8.#.#####.#
.#4[+ #.'.......@.#.......#
.#4⌠# ###'#'#.#'#Z#.8######
.#### #.#.#.#.#.#.## ..#
#####'#####.# ### ... +.#
### ###


You could see an anaconda simulacrum.

Vanquished Creatures
  2 hydras
  2 tengu warriors
  4 two-headed ogres (D:11)
  A bog body (IceCv)
  A necromancer (IceCv)
  A deep elf pyromancer (D:9)
  An orc sorcerer (D:10)
  3 cyclopes
  An ice statue (IceCv)
  A cane toad (Lair:1)
  2 kobold demonologists (D:10)
  A freezing wraith (IceCv)
  8 ice devils (IceCv)
  4 anaconda simulacra (IceCv)
  6 komodo dragons
  2 entropy weaver simulacra (IceCv)
  6 trolls
  A hornet (D:9)
  3 blink frogs (Lair:1)
  3 shadows
  A wraith (D:10)
  21 yaks
  3 wyverns (D:8)
  A basilisk (D:8)
  A dire elephant simulacrum (IceCv)
  Grum (D:8)
  A vampire mosquito (D:11)
  2 steam dragons
  11 wargs (D:10)
  Menkaure (D:4)
  2 harpy simulacra (IceCv)
  An acid dragon (D:11)
  9 water moccasins
  A black bear (D:8)
  3 ice beasts
  10 orc warriors
  2 necrophages (D:6)
  4 ogres
  5 wolves (D:8)
  4 centaurs
  A phantom (D:6)
  7 bullfrogs
  3 gnoll sergeants
  5 kobold brigands
  2 scorpions (D:5)
  2 water moccasin skeletons
  A wyvern skeleton (D:7)
  4 killer bees
  9 wights
  4 howler monkeys (D:10)
  6 centaur zombies
  13 gnoll shamans
  2 hounds
  A jelly (D:6)
  Crazy Yiuf (D:2)
  6 orc priests
  3 bullfrog skeletons
  2 centaur skeletons
  7 iguanas
  10 orc wizards
  A hound zombie (D:5)
  A hound skeleton (D:4)
  11 gnolls
  8 adders
  A shadow imp (D:7)
  2 white imps
  An ufetubus (IceCv)
  An adder skeleton (D:5)
  3 worms
  2 dart slugs (D:4)
  20 orcs
  8 ball pythons
  7 bats
  6 endoplasms
  4 giant cockroaches
  4 goblins
  12 hobgoblins
  14 jackals
  12 kobolds
  5 quokkas
  2 frilled lizards (D:1)
  A rat (D:2)
352 creatures vanquished.

Vanquished Creatures (collateral kills)
  A hornet (D:9)
1 creature vanquished.

Vanquished Creatures (others)
  A gnoll shaman (D:10)
  A bush (D:8)
  2 fungi (D:8)
  24 plants
28 creatures vanquished.

Grand Total: 381 creatures vanquished

Notes
Turn   | Place    | Note
-------+----------+-------------------------------------------
     0 | D:1      | CowFu the Draconian Monk began the quest for the Orb.
     0 | D:1      | Reached XP level 1. HP: 19/19 MP: 1/1
   283 | D:1      | Reached XP level 2. HP: 26/26 MP: 2/2
  1013 | D:1      | Found a faded altar of an unknown god.
  1061 | D:1      | Became a worshipper of Xom of Chaos
  1161 | D:1      | Reached XP level 3. HP: 29/31 MP: 3/3
  1555 | D:2      | XOM: 1-stop teleportation journey
  1574 | D:2      | You fall into a shaft and drop 1 floor!
  1684 | D:3      | Reached XP level 4. HP: 33/38 MP: 4/4
  1895 | D:3      | XOM: silly message
  2664 | D:3      | XOM: divination: magic mapping
  2715 | D:3      | Found a glowing golden altar of the Shining One.
  2958 | D:3      | Fell from the grace of Xom
  2958 | D:3      | Became a worshipper of the Shining One
  3200 | D:2      | Found a runed translucent door.
  3201 | D:2      | Noticed Crazy Yiuf
  3380 | D:2      | Reached XP level 5. HP: 45/45 MP: 5/5
  3401 | D:2      | XOM: noise
  3565 | D:2      | XOM: give mutations
  3565 | D:2      | Gained mutation: Your body sometimes deteriorates upon
                  | taking damage. [Xom's mischief]
  3565 | D:2      | Gained mutation: You sometimes lose the ability to read
                  | scrolls when taking damage. [Xom's mischief]
  3934 | D:2      | XOM: cloud trail
  3969 | D:2      | Killed Crazy Yiuf
  4240 | D:4      | Reached skill level 5 in Long Blades
  4546 | D:4      | Noticed Menkaure
  4556 | D:4      | Killed Menkaure
  4557 | D:4      | Reached skill level 5 in Dodging
  4557 | D:4      | Reached XP level 6. HP: 27/51 MP: 6/6
  4772 | D:4      | XOM: noise
  4976 | D:4      | XOM: 1-stop teleportation journey
  5131 | D:5      | Entered Level 5 of the Dungeon
  5157 | D:5      | Your scales start taking on a pale cyan-grey colour.
  5157 | D:5      | Reached XP level 7. HP: 17/57 MP: 7/7
  5157 | D:5      | Gained mutation: You are immune to the effects of steam.
                  | [Pale Draconian growth]
  5536 | D:5      | Reached * piety under the Shining One
  5557 | D:5      | XOM: summons 4 hostile demons
  5777 | D:5      | XOM: give mutations
  5777 | D:5      | Gained mutation: Your body often deteriorates upon taking
                  | damage. [Xom's mischief]
  5777 | D:5      | Gained mutation: Your magical capacity is low. (-10% MP)
                  | [Xom's mischief]
  5777 | D:5      | Gained mutation: You have very sharp teeth. [Xom's
                  | mischief]
  5777 | D:5      | Gained mutation: You are clumsy. (Dex -2) [Xom's mischief]
  5854 | D:5      | Reached XP level 8. HP: 10/63 MP: 7/7
  6009 | D:5      | XOM: give mutations
  6009 | D:5      | Lost mutation: You sometimes lose the ability to read
                  | scrolls when taking damage. [Xom's mischief]
  6009 | D:5      | Gained mutation: You have sharp toenails. [Xom's mischief]
  6009 | D:5      | Lost mutation: You are clumsy. (Dex -2) [Xom's mischief]
  6156 | D:5      | XOM: give mutation
  6156 | D:5      | Lost mutation: Your body often deteriorates upon taking
                  | damage. [Xom's mischief]
  6179 | D:5      | XOM: give mutation
  6179 | D:5      | Gained mutation: You occasionally shout uncontrollably at
                  | your foes. [Xom's mischief]
  6286 | D:5      | XOM: summons 1 hostile shadow creature
  7200 | D:6      | Reached ** piety under the Shining One
  7743 | D:6      | You fall into a shaft and drop 3 floors!
  7894 | D:9      | Noticed a hornet
  7895 | D:9      | Noticed a hornet
  7906 | D:9      | Paralysed by a hornet for 1 turns
  7906 | D:9      | XOM: confusion (+ monsters)
  7908 | D:9      | Killed a hornet
  7909 | D:9      | Reached XP level 9. HP: 11/70 MP: 8/8
  8250 | D:9      | XOM: give mutation
  8250 | D:9      | Lost mutation: You occasionally shout uncontrollably at
                  | your foes. [Xom's mischief]
  8291 | D:9      | XOM: noise
  8361 | D:9      | Found a hazy altar of Hepliaklqana.
  8363 | D:9      | Found a basalt altar of Yredelemnul.
  8363 | D:9      | Found a sacrificial altar of Ru.
  8365 | D:9      | Found a snail-covered altar of Cheibriados.
  8365 | D:9      | Found a shimmering altar of Xom.
  8365 | D:9      | Found an opulent altar of Gozag.
  8470 | D:9      | Reached skill level 10 in Long Blades
  8565 | D:9      | XOM: give mutations
  8565 | D:9      | Gained mutation: You occasionally shout uncontrollably at
                  | your foes. [Xom's mischief]
  8565 | D:9      | Gained mutation: You are frail. (-10% HP) [Xom's mischief]
  8565 | D:9      | Gained mutation: Your body often deteriorates upon taking
                  | damage. [Xom's mischief]
  8578 | D:9      | Lost mutation: You are frail. (-10% HP) [potion of
                  | mutation]
  8578 | D:9      | Lost mutation: Your body often deteriorates upon taking
                  | damage. [potion of mutation]
  8578 | D:9      | Gained mutation: You are dopey. (Int -2) [potion of
                  | mutation]
  8578 | D:9      | Gained mutation: You are agile. (Dex +2) [potion of
                  | mutation]
  8906 | D:9      | Reached XP level 10. HP: 38/77 MP: 9/9
  8923 | D:9      | Reached skill level 10 in Dodging
  9154 | D:9      | Noticed a deep elf pyromancer
  9162 | D:9      | Killed a deep elf pyromancer
  9367 | D:10     | Entered Level 10 of the Dungeon
  9384 | D:10     | Reached *** piety under the Shining One
  9482 | D:10     | Found a staircase to the Orcish Mines.
  9901 | D:10     | Noticed a cyclops
  9901 | D:10     | Noticed a cyclops
 10294 | D:10     | Noticed an orc sorcerer
 10294 | D:10     | Paralysed by an orc sorcerer for 7 turns
 10297 | D:10     | Noticed a smoke demon
 10304 | D:10     | Killed an orc sorcerer
 10339 | D:10     | Reached **** piety under the Shining One
 10413 | D:10     | Reached XP level 11. HP: 76/82 MP: 9/9
 10716 | D:10     | XOM: scenery: 1 doors close
 10796 | D:10     | XOM: cloud trail
 11336 | D:10     | Was forgiven by Xom
 11358 | D:10     | Noticed a tengu warrior
 11376 | D:10     | Killed a tengu warrior
 12388 | D:11     | Noticed a two-headed ogre
 12388 | D:11     | Reached ***** piety under the Shining One
 12396 | D:11     | Killed a two-headed ogre
 12418 | D:11     | Noticed a two-headed ogre
 12418 | D:11     | Noticed a tengu warrior
 12444 | D:11     | Killed a two-headed ogre
 12520 | D:11     | Noticed a five-headed hydra
 12520 | D:11     | Noticed a two-headed ogre
 12548 | D:11     | Killed a tengu warrior
 12549 | D:11     | Reached XP level 12. HP: 62/89 MP: 10/10
 12553 | D:11     | Killed a two-headed ogre
 12558 | D:11     | Killed a five-headed hydra
 13286 | D:11     | Noticed a two-headed ogre
 13315 | D:11     | Killed a two-headed ogre
 14084 | D:8      | Reached skill level 1 in Invocations
 14157 | D:8      | Found a staircase to the Lair.
 14454 | D:8      | Noticed Grum
 14463 | D:8      | Found a glowing silver altar of Zin.
 14482 | D:8      | Killed Grum
 14750 | D:7      | Found an opulent altar of Gozag.
 14817 | D:7      | Found Izxicvuy's Weapon Boutique.
 15129 | D:7      | Found a staircase to the Ecumenical Temple.
 15529 | Lair:1   | Entered Level 1 of the Lair of Beasts
 15529 | Lair:1   | Noticed a seven-headed hydra
 15547 | Lair:1   | Killed a seven-headed hydra
 15797 | Lair:1   | Reached skill level 5 in Fighting
 16693 | Lair:1   | Reached skill level 5 in Invocations
 17282 | Lair:2   | Found a frozen archway.
 17291 | IceCv    | Entered an ice cave
 17340 | IceCv    | Reached XP level 13. HP: 52/104 MP: 15/15
 18935 | IceCv    | Slain by an anaconda simulacrum

Illustrated notes

Levels and vault maps discovered:
D:1:      noname_arrival_rooms_in_the_neighbourhood, layout_basic,
          ebering_ecumenical_altar_box, hangedman_glass_teeth,
          minmay_tetromino_i2
D:2:      layout_basic, serial_rivers, chequers_serial_rivers_small_a,
          chequers_serial_rivers_micro_c, chequers_serial_rivers_room_b,
          chequers_serial_rivers_small_3, chequers_serial_rivers_room_a,
          uniq_crazy_yiuf_cottage
D:3:      layout_basic, mainiacjoe_overflow_alcove_1
D:4:      layout_basic, uniq_menkaure
D:5:      layout_rooms
D:6:      layout_layer_cave, serial_glass, glass_columns_c, glass_columns_a
D:7:      layout_cave_pods, nicolae_gozag_seed_capital, temple_green,
          serial_shops, nicolae_shop_trees
D:8:      layout_loops_ring, lemuel_doored_altar, minmay_lair_entry_grove,
          uniq_grum
D:9:      layout_roguey, doesnt_xom_only_xom
D:10:     lemuel_castle_with_subvaults [lemuel_castle_interior_original],
          layout_irregular_city, david_orc_2, billiards_dpeg
D:11:     layout_loops_ring, kennysheep_kite_vault
Lair:1:   layout_cave_shapes
Lair:2:   layout_cellular_growth, guppyfry_snake_entry_garden,
          portal_ice_cave_entry_pillars_1, beast_lair_carwin_9,
          minmay_lair_oklob_chamber, infiniplex_staircase_pool
IceCv:    ice_cave_tombish

Skill      XL: |  1  2  3  4  5  6  7  8  9 10 11 12 13 |
---------------+----------------------------------------+-----
Dodging        | 3 4 5 6 8 9 11 12 14 | 14.0
Long Blades    | 4 5 6 7 9 10 12 13 14 | 14.0
Invocations    | 5 7 |  7.1
Fighting       | 6 8 |  8.0
Stealth        | |  1.7

Action                   |  1- 3 |  4- 6 |  7- 9 | 10-12 | 13-15 || total
-------------------------+-------+-------+-------+-------+-------++-------
Melee: Falchion          |   101 |   227 |   309 |     2 |       ||   639
       Tailslap          |    15 |    36 |    76 |   154 |    36 ||   317
       Bite              |       |       |    50 |   104 |    18 ||   172
       Kick              |       |       |   100 |   305 |    61 ||   466
       Long sword        |       |       |    40 |   676 |   138 ||   854
       Dagger            |       |       |       |    16 |       ||    16
 Abil: Breathe Steam     |       |       |     5 |    17 |     1 ||    23
  Use: Scroll            |       |     4 |     8 |     6 |     6 ||    24
       Potion            |       |     4 |     4 |     4 |     3 ||    15
 Stab: Sleeping          |     3 |     3 |       |       |       ||     6
Armor: Skin              |    25 |    60 |   103 |   171 |    46 ||   405
Dodge: Dodged            |    85 |   157 |   262 |   662 |   160 ||  1326
       Rpst.: Falchion   |    29 |    38 |    55 |     2 |       ||   124
       Long sword        |       |       |     4 |   168 |    35 ||   207

Table legend: (Time is in decaauts)
 A = Elapsed time spent in this place.
 B = Non-inter-level travel time spent in this place.
 C = Inter-level travel time spent in this place.
 D = Time resting spent in this place.
 E = Time spent auto-exploring this place.
 F = Levels seen in this place.
 G = Mean time per level.
                   A        B        C        D        E       F      G
               +--------+--------+--------+--------+--------+-----+--------+
         Total |  18812 |  18181 |    631 |      0 |  15043 |  14 | 1343.7 |
       Dungeon |  15457 |  14872 |    585 |      0 |  12305 |  11 | 1405.2 |
          Lair |   1726 |   1681 |     45 |      0 |   1395 |   2 |  863.0 |
      Ice Cave |   1628 |   1628 |      0 |      0 |   1343 |   1 | 1628.0 |
               +--------+--------+--------+--------+--------+-----+--------+

Top non-repeatable levels by time:
    D:10: 2735 daAuts
   IceCv: 1628 daAuts
     D:9: 1625 daAuts
  Lair:1: 1615 daAuts
    D:11: 1609 daAuts
     D:3: 1505 daAuts
     D:6: 1430 daAuts
     D:2: 1396 daAuts
     D:4: 1274 daAuts
     D:1: 1235 daAuts
     D:5: 961 daAuts
     D:8: 890 daAuts
     D:7: 792 daAuts
  Lair:2: 110 daAuts
